 Dungeon Crawl Stone Soup version 0.32-a0-799-g95e1662 (webtiles) character file.

Game seed: 9080815597184481478

78002 AmonChakai the Sorcerer (level 15, -15/82 HPs)
             Began as a Deep Elf Conjurer on Mar 19, 2024.
             Was a Priest of Ashenzari.
             Killed from afar by a naga mage (32 damage)
             ... with a bolt of poison
             ... on level 1 of the Snake Pit on Mar 21, 2024.
             The game lasted 02:17:20 (29700 turns).

AmonChakai the Sorcerer (Deep Elf Conjurer)        Turns: 29700, Time: 02:17:21

Health: -15/82     AC: 10    Str: 10    XL:     15   Next: 16%
Magic:  40/54      EV: 11    Int: 29    God:    Ashenzari [***...]
Gold:   848        SH:  5    Dex: 13    Spells: 27/62 levels left

rFire   . . .        i - +2 short sword of the Cryptic Doubts {venom, Bglg, Melee} (curse)
rCold   . . .        (no shield)
rNeg    . . .        v - +2 robe
rPois   .            d - +1 hat
rElec   .            a - +2 cloak of Suicw {Harm +Blink Str+4}
rCorr   .            (no gloves)
SInv    +            m - +1 pair of boots "I Knew You'd Do That" {Dev, Elem} (curse)
Will    +++..        W - amulet of the Distant Seer {Reflect SH+5, Dev, Melee} (curse)
Stlth   ++           A - ring of Supernal Knowledge {MP+9, Bglg, Dev} (curse)
HPRegen 0.33/turn    q - ring of Ashenzari's Portent {Will+, Self, Elem} (curse)
MPRegen 0.34/turn

%: harm (+30% outgoing, +20% incoming), reflection, clarity
@: brilliant, lethally poisoned (-15 -> -63), enlightened, flying
A: no striking features
a: Renounce Religion, Evoke Blink, Shatter the Chains


You were on level 1 of the Snake Pit.
You worshipped Ashenzari.
Ashenzari was most pleased with you.
You visited 5 branches of the dungeon, and saw 21 of its levels.
You also visited: Gauntlet.

You collected 2297 gold pieces.
You spent 1449 gold pieces at shops.

Inventory:

Hand Weapons
 i - the cursed +2 short sword of the Cryptic Doubts (weapon) {venom, Bglg, Melee}
   (You took it off a kobold on level 1 of the Dungeon)

   It has a curse which improves the following skills: Beguiling: Hexes and
   Translocations.
   Melee Combat: Short Blades, Long Blades, Axes, Maces & Flails, Polearms,
   Staves and Unarmed Combat.
 B - a +2 dagger of holy wrath
Missiles
 n - 25 poisoned darts
 p - 2 darts of dispersal
 R - 3 curare-tipped darts (quivered)
Armour
 a - the +2 cloak of Suicw (worn) {Harm +Blink Str+4}
   (You bought it in a shop on level 2 of the Orcish Mines)

   Str+4:     It affects your strength (+4).
   +Blink:    It lets you blink.
   Harm:      It increases damage dealt and taken.
 d - a +1 hat (worn)
 m - the cursed +1 pair of boots "I Knew You'd Do That" (worn) {Dev, Elem}
   (You found it on level 3 of the Dungeon)

   It has a curse which improves the following skills: Devices: Evocations and
   Shapeshifting.
   Elements:  Fire Magic, Ice Magic, Air Magic and Earth Magic.
 v - a +2 robe (worn)
 y - a +0 pair of gloves
Magical Staves
 C - a staff of fire
Jewellery
 e - an amulet of the acrobat
 g - a +6 ring of strength
 q - the cursed ring of Ashenzari's Portent (right hand) {Will+, Self, Elem}
   (You found it on level 3 of the Dungeon)

   [ring of willpower]

   Will+:     It increases your willpower.
   It has a curse which improves the following skills: Introspection: Fighting
   and Spellcasting.
   Elements:  Fire Magic, Ice Magic, Air Magic and Earth Magic.
 A - the cursed ring of Supernal Knowledge (left hand) {MP+9, Bglg, Dev}
   (You found it on level 6 of the Dungeon)

   [ring of magical power]

   MP+9:      It affects your magic capacity (+9).
   It has a curse which improves the following skills: Beguiling: Hexes and
   Translocations.
   Devices:   Evocations and Shapeshifting.
 J - a ring of see invisible
 K - a ring of protection from cold
 M - an amulet of guardian spirit
 T - an amulet of regeneration
 V - a ring of protection from cold
 W - the cursed amulet of the Distant Seer (around neck) {Reflect SH+5, Dev, Melee}
   (You found it on level 3 of the Lair of Beasts)

   [amulet of reflection]

   Reflect:   It reflects blocked missile attacks.
   SH+5:      It affects your SH (+5).
   It has a curse which improves the following skills: Devices: Evocations and
   Shapeshifting.
   Melee Combat: Short Blades, Long Blades, Axes, Maces & Flails, Polearms,
   Staves and Unarmed Combat.
Wands
 l - a wand of mindburst (6)
 s - a wand of light (10)
 u - a wand of charming (27)
 w - a wand of warping (20)
 F - a wand of flame (38)
 I - a wand of polymorph (5)
Scrolls
 h - 6 scrolls of teleportation
 o - 4 scrolls of enchant weapon
 r - 4 scrolls of revelation
 x - 4 scrolls of noise
 E - a scroll of vulnerability
 H - 4 scrolls of identify
 N - 4 scrolls of brand weapon
 O - a scroll of fear
 P - 2 scrolls of poison
 X - 4 scrolls of amnesia
Potions
 b - 3 potions of magic
 c - 11 potions of curing
 f - 5 potions of mutation
 j - 3 potions of lignification
 k - 2 potions of brilliance
 t - 4 potions of might
 z - 2 potions of ambrosia
 L - a potion of haste
 Q - 2 potions of enlightenment
 S - 3 potions of attraction
 U - a potion of resistance
 Z - a potion of heal wounds
Miscellaneous
 D - a phial of floods (inert)


   Skills:
 * Level 3.7(5.1) Fighting
 - Level 2.4 Throwing
 - Level 2.4 Dodging
 - Level 2.4 Stealth
 - Level 22.7(24.0) Spellcasting
 - Level 14.3 Conjurations
 * Level 1.2 Necromancy
 - Level 0.2(0.8) Translocations
 - Level 2.7(4.6) Fire Magic
 - Level 11.6(13.8) Ice Magic
 - Level 10.7(12.9) Earth Magic
 - Level 5.0 Alchemy
 - Level 2.3(4.6) Evocations


You had 27 spell levels left.
You knew the following spells:

 Your Spells              Type           Power      Damage    Failure   Level
a - Magic Dart            Conj           100%       1d8       0%          1
b - Searing Ray           Conj           100%       2d8       0%          2
c - Fulminant Prism       Conj/Alch      47%        3d21      1%          4
d - Iskenderun's Mystic   Conj/Tloc      87%        2d17      1%          4
e - Permafrost Eruption   Ice/Erth       53%        2x4d15    1%          6
f - Lee's Rapid Deconstr  Erth           52%        3d25*     1%          5
g - Summon Blazeheart Go  Fire/Summ      64%        N/A       3%          4
h - Brom's Barrelling Bo  Conj/Erth      100%       2d11      1%          4
i - Borgnjor's Vile Clut  Necr/Erth      42%        N/A       1%          5

Your spell library contained the following spells:

 Spells                   Type           Power      Damage    Failure   Level
 Sandblast                Erth           100%       2d20      0%          1
 Hailstorm                Conj/Ice       100%       3d16      0%          3
 Stone Arrow              Conj/Erth      100%       3d13      0%          3
 Summon Small Mammal      Summ           100%       N/A       1%          1
 Mercury Vapours          Alch/Air       100%       N/A       1%          2
 Mephitic Cloud           Conj/Alch/Air  83%        N/A       1%          3
 Summon Ice Beast         Ice/Summ       84%        N/A       1%          3
 Volatile Blastmotes      Fire/Tloc      100%       2d18      1%          3
 Leda's Liquefaction      Alch/Erth      46%        N/A       1%          4
 Arcjolt                  Conj/Air       43%        1d53      1%          5
 Freezing Cloud           Conj/Ice/Air   47%        6-21      1%          5
 Call Canine Familiar     Summ           51%        N/A       2%          3
 Sculpt Simulacrum        Ice/Alch       47%        N/A       2%          6
 Animate Dead             Necr           58%        N/A       5%          4
 Vhi's Electric Charge    Tloc/Air       100%       N/A       7%          4
 Death Channel            Necr           29%        N/A       63%         6
 Maxwell's Capacitive Co  Air            26%        ∞         100%        8


Dungeon Overview and Level Annotations

Branches:
Dungeon (12/15)            Temple (1/1) D:4            Lair (5/5) D:9
 Shoals (0/4) Lair:2        Snake (1/4) Lair:3        Slime (0/5) Lair:4
    Orc (2/2) D:9             Elf (0/3) Orc:2       Gauntlet (visited)

Altars:
Ashenzari
Cheibriados
Dithmenos
Elyvilon
Fedhas
Gozag
Hepliaklqana
Kikubaaqudgha
Makhleb
Nemelex Xobeh
Okawaru
Qazlal
Ru
Sif Muna
Trog
Uskayaw
Vehumet
Wu Jian
Xom
Yredelemnul
Zin
The Shining One

Shops:
Orc:2 (=[*[[

Annotations:
D:10 2 transporters


Message History

Confirm with . or Enter, or press ? or * to list all spells.
You feel a surge of power!
You erupt in a blast of force!
The mystic blast hits the naga mage!!
The naga mage is severely wounded.
The naga mage is knocked back by the mystic blast.
The naga mage violently stops moving!
The naga mage is almost dead.
The mystic blast hits the naga warrior.
The naga warrior is almost dead.
The naga warrior is knocked back by the mystic blast.
The mystic blast hits the mana viper!
The mana viper is almost dead.
The mana viper is knocked back by the mystic blast.
You feel sick.
The naga ritualist utters an invocation to its god.
The naga ritualist begins to radiate toxic energy.
You are more poisoned.
The naga mage points at you and mumbles some strange words.
The bolt of poison hits you!!
You are more poisoned.
Casting: Iskenderun's Mystic Blast (safe; 1% risk of failure)
Confirm with . or Enter, or press ? or * to list all spells.
You don't know that spell.
Casting: Iskenderun's Mystic Blast (safe; 1% risk of failure)
Confirm with . or Enter, or press ? or * to list all spells.
You feel a surge of power!
Bitter cold erupts, blasting rock from the ceiling!
The mass of rock hits the mana viper!!
You kill the mana viper!
Piercing cold boils outward!
The piercing cold hits the black mamba!!
The black mamba is almost dead.
* * * LOW HITPOINT WARNING * * *
You feel extremely sick.
* * * LOW HITPOINT WARNING * * *
You are more poisoned.
The naga mage points at you and mumbles some strange words.
The bolt of poison hits you!!
You are more poisoned.
You die...

#. #........
#. #........
.. ...≈≈≈≈≈≈
.##..≈.N...
#....≈.≈≈.≈
##....≈.≈...
#..†S..N≈.".
#.N.@.≈S≈N..
#...S.≈.≈≈.≈
#...#.≈.....
#... .≈≈≈≈≈≈
##.. .......
#.. ...####
#.. .... ...
...##


You could see a naga warrior, an anaconda, a naga ritualist (toxic aura), a mana
viper, a black mamba and 2 naga magi.

Vanquished Creatures
  Rupert (Lair:3)
  An ettin (Orc:2)
  2 ice dragons (Lair:5)
  Erolcha (D:12)
  3 hydras
  8 two-headed ogres
  2 ogre magi (Orc:2)
  2 catoblepae (Lair:4)
  A boulder beetle (D:12)
  2 orc high priests (Orc:2)
  Sonja (Lair:2)
  A skyshark (Lair:5)
  A fire crab (Lair:3)
  2 deep trolls (Orc:2)
  A swamp dragon (Lair:5)
  A mana viper (Snake:1)
  2 lindwurms (Lair:5)
  A deep elf pyromancer (D:12)
  4 orc knights (Orc:2)
  3 obsidian bats
  An orc sorcerer (Orc:1)
  4 kobold blastminers (Orc:2)
  An ugly thing (D:12)
  2 cyclopes (Orc:2)
  12 elephants (Lair:4)
  5 torpor snails (Lair:5)
  9 black mambas
  10 cane toads
  An unseen horror (D:11)
  Maggie (Lair:1)
  3 rime drakes
  11 komodo dragons
  Psyche (D:11)
  3 tyrant leeches (Lair:5)
  A polar bear (Lair:2)
  16 trolls
  15 hornets
  5 dream sheep (Lair:4)
  20 blink frogs
  A snapping turtle (Lair:2)
  3 slime creatures (D:12)
  2 vampires
  3 wraiths
  7 basilisks
  60 yaks
  A water elemental (Lair:2)
  4 wyverns
  4 wargs
  5 steam dragons
  5 acid dragons
  2 nagas (Lair:3)
  2 hell hounds (Lair:2)
  14 water moccasins
  11 orc warriors
  A sky beast (D:6)
  3 black bears
  3 ice beasts
  2 swamp drakes (Lair:5)
  14 wolves
  22 ogres
  4 centaurs
  A phantom (D:5)
  3 kobold brigands
  16 bullfrogs
  11 scorpions
  10 wights
  5 killer bees (D:8)
  7 howler monkeys
  A lava snake (Orc:1)
  4 bombardier beetles
  6 crimson imps (D:10)
  13 jellies
  17 orc priests
  4 hounds
  12 iguanas
  30 orc wizards
  4 gnolls
  11 adders
  6 river rats (D:6)
  A shadow imp (D:10)
  4 white imps
  2 ufetubi (D:6)
  2 dart slugs (D:2)
  3 ribbon worms
  64 orcs
  6 ball pythons
  4 endoplasms
  A giant cockroach (D:1)
  8 hobgoblins
  19 kobolds
  7 quokkas
  4 bats
  6 goblins
  18 rats
644 creatures vanquished.

Vanquished Creatures (others)
  An orc (D:6)
  146 fulminant prisms
147 creatures vanquished.

Grand Total: 791 creatures vanquished

Notes
Turn   | Place    | Note
-------+----------+-------------------------------------------
     0 | D:1      | AmonChakai the Deep Elf Conjurer began the quest for the
                  | Orb.
     0 | D:1      | Reached XP level 1. HP: 10/10 MP: 6/6
   579 | D:2      | Reached XP level 2. HP: 15/15 MP: 4/8
   582 | D:2      | Learned a level 2 spell: Searing Ray
   743 | D:2      | Reached skill level 5 in Conjurations
  1116 | D:2      | Reached XP level 3. HP: 16/19 MP: 2/9
  1809 | D:3      | Found a basalt altar of Yredelemnul.
  1813 | D:3      | Reached XP level 4. HP: 24/24 MP: 6/11
  1932 | D:3      | Found a faded altar of an unknown god.
  2019 | D:3      | Found a white marble altar of Elyvilon.
  2064 | D:3      | Learned a level 4 spell: Fulminant Prism
  2708 | D:3      | Reached skill level 1 in Alchemy
  2708 | D:3      | Reached XP level 5. HP: 28/28 MP: 8/12
  3353 | D:4      | Noticed a black bear
  3503 | D:4      | Noticed a black bear
  3568 | D:4      | Reached XP level 6. HP: 32/32 MP: 4/13
  3713 | D:4      | Found a staircase to the Ecumenical Temple.
  3729 | Temple   | Entered the Ecumenical Temple
  3760 | Temple   | Became a worshipper of Ashenzari the Shackled
  4220 | D:4      | Found a blossoming altar of Fedhas.
  4251 | D:5      | Entered Level 5 of the Dungeon
  4263 | D:5      | Reached XP level 7. HP: 36/36 MP: 6/14
  4366 | D:5      | Reached skill level 1 in Throwing
  4573 | D:5      | You fall into a shaft and drop 1 floor!
  4636 | D:5      | Noticed an angel
  4637 | D:5      | Found a glowing silver altar of Zin.
  4637 | D:5      | Found a shimmering altar of Xom.
  5004 | D:5      | Upgraded the game from 0.32-a0-772-g33df237 to
                  | 0.32-a0-778-ga6a9c15
  5009 | D:5      | Reached XP level 8. HP: 41/41 MP: 8/15
  5257 | D:5      | Found a burning altar of Makhleb.
  5418 | D:5      | Reached skill level 10 in Conjurations
  5424 | D:5      | Reached skill level 5 in Alchemy
  5514 | D:4      | Learned a level 4 spell: Iskenderun's Mystic Blast
  6084 | D:6      | Found a hazy altar of Hepliaklqana.
  6313 | D:6      | Reached XP level 9. HP: 37/46 MP: 5/16
  6582 | D:6      | Found a hide-covered altar of Uskayaw.
  6921 | D:6      | Found a sparkling altar of Nemelex Xobeh.
  6974 | D:6      | Found an ornate altar of the Wu Jian Council.
  6998 | D:6      | Reached skill level 1 in Evocations
  8836 | D:7      | Found an opulent altar of Gozag.
  8837 | D:7      | Found a radiant altar of Vehumet.
  8978 | D:7      | Found an iron altar of Okawaru.
  9189 | D:8      | Reached skill level 1 in Ice Magic
  9364 | D:8      | Reached XP level 10. HP: 51/51 MP: 17/17
  9708 | D:8      | Reached * piety under Ashenzari
  9999 | D:8      | Reached skill level 1 in Earth Magic
 10357 | D:9      | Found a staircase to the Orcish Mines.
 10489 | D:9      | Reached ** piety under Ashenzari
 10514 | D:9      | Reached skill level 5 in Ice Magic
 11015 | D:9      | Found a staircase to the Lair.
 11382 | D:10     | Entered Level 10 of the Dungeon
 11577 | D:10     | Reached skill level 5 in Earth Magic
 11762 | D:10     | Found a transporter.
 11899 | D:10     | Found a transporter.
 12617 | D:11     | Identified the serpent talisman of Ycin {rC+}
 12622 | D:11     | Noticed a two-headed ogre
 12681 | D:11     | Reached XP level 11. HP: 55/55 MP: 9/18
 12711 | D:11     | Killed a two-headed ogre
 13119 | D:11     | Identified the +3 scale mail of the Beginning {Int+5
                  | Stlth-}
 13159 | D:11     | Learned a level 6 spell: Permafrost Eruption
 13392 | D:11     | Noticed Psyche
 13398 | D:11     | Killed Psyche
 13865 | D:12     | Noticed a deep elf pyromancer
 13873 | D:12     | Killed a deep elf pyromancer
 13922 | D:12     | Noticed a white ugly thing
 13934 | D:12     | Noticed Erolcha
 14230 | D:12     | Found a gate leading to a gauntlet.
 14236 | D:12     | Killed a white ugly thing
 14263 | Gauntlet | Entered a Gauntlet
 14263 | Gauntlet | Found a transporter.
 14263 | Gauntlet | Found a transporter.
 14769 | D:12     | Noticed a boulder beetle
 14811 | D:12     | Killed a boulder beetle
 15165 | D:12     | Killed Erolcha
 15166 | D:12     | Reached skill level 10 in Ice Magic
 15382 | Lair:1   | Entered Level 1 of the Lair of Beasts
 15717 | D:9      | Upgraded the game from 0.32-a0-778-ga6a9c15 to
                  | 0.32-a0-779-g362cfca
 15973 | Lair:1   | Noticed Maggie
 15983 | Lair:1   | Reached skill level 10 in Earth Magic
 15983 | Lair:1   | Killed Maggie
 16196 | Lair:1   | Reached XP level 12. HP: 60/60 MP: 15/19
 17120 | Lair:2   | Reached skill level 4 in Spellcasting
 17296 | Lair:2   | Found a staircase to the Shoals.
 17305 | Lair:2   | Reached skill level 5 in Spellcasting
 17537 | Lair:2   | Reached skill level 6 in Spellcasting
 17614 | Lair:2   | Reached skill level 7 in Spellcasting
 17756 | Lair:2   | Reached skill level 8 in Spellcasting
 17960 | Lair:2   | Reached skill level 9 in Spellcasting
 18079 | Lair:2   | Noticed Sonja
 18080 | Lair:2   | Killed Sonja
 18256 | Lair:2   | Reached skill level 10 in Spellcasting
 18412 | Lair:2   | Reached skill level 11 in Spellcasting
 18958 | Lair:3   | Reached skill level 12 in Spellcasting
 19117 | Lair:3   | Noticed a five-headed hydra
 19268 | Lair:3   | Noticed Rupert
 19271 | Lair:3   | Killed Rupert
 19272 | Lair:3   | Reached XP level 13. HP: 64/64 MP: 18/31
 19276 | Lair:3   | Reached skill level 13 in Spellcasting
 19644 | Lair:3   | Reached skill level 14 in Spellcasting
 19946 | Lair:3   | Found a staircase to the Snake Pit.
 21028 | Lair:4   | Reached skill level 15 in Spellcasting
 21363 | Lair:4   | Reached skill level 16 in Spellcasting
 21692 | Lair:4   | Reached skill level 17 in Spellcasting
 22230 | Lair:4   | Found a staircase to the Slime Pits.
 22585 | Lair:4   | Reached *** piety under Ashenzari
 22592 | Lair:4   | Learned a level 5 spell: Lee's Rapid Deconstruction
 22597 | Lair:4   | Learned a level 4 spell: Summon Blazeheart Golem
 22598 | Lair:5   | Entered Level 5 of the Lair of Beasts
 22613 | Lair:5   | Reached skill level 1 in Fire Magic
 22779 | Lair:5   | Reached skill level 18 in Spellcasting
 22965 | Lair:5   | Reached XP level 14. HP: 50/68 MP: 8/38
 23440 | Lair:5   | Reached skill level 19 in Spellcasting
 24019 | Lair:5   | Found a shimmering blue altar of Sif Muna.
 24589 | Lair:5   | Reached skill level 20 in Spellcasting
 25108 | Lair:5   | Reached **** piety under Ashenzari
 25235 | Lair:5   | Learned a level 4 spell: Brom's Barrelling Boulder
 25631 | Orc:1    | Entered Level 1 of the Orcish Mines
 26158 | Orc:1    | Reached skill level 1 in Fighting
 26652 | Orc:2    | Entered Level 2 of the Orcish Mines
 26852 | Orc:2    | Reached skill level 21 in Spellcasting
 27309 | Orc:2    | Found a staircase to the Elven Halls.
 27592 | Orc:2    | Found Xeewyoj's Jewellery Emporium.
 27693 | Orc:2    | Reached skill level 22 in Spellcasting
 28198 | Orc:2    | Reached XP level 15. HP: 81/81 MP: 31/44
 28379 | Orc:2    | Upgraded the game from 0.32-a0-779-g362cfca to
                  | 0.32-a0-791-gfc315c9
 28698 | Orc:2    | Found Petidol's General Store.
 28700 | Orc:2    | Found Qamizosa's Antique Armour Emporium.
 28708 | Orc:2    | Found Tiapidoa's Antique Armour Boutique.
 28709 | Orc:2    | Found Ylanep's Antique Armour Shop.
 28936 | Orc:2    | Found Xohosipt's Antique Weapon Boutique.
 29244 | Orc:2    | Bought a fine cloak for 256 gold pieces
 29244 | Orc:2    | Identified the +2 cloak of Suicw {Harm +Blink Str+4} (You
                  | bought it in a shop on level 2 of the Orcish Mines)
 29244 | Orc:2    | Bought an embroidered hat for 189 gold pieces
 29282 | Orc:2    | Bought a pair of gloves for 112 gold pieces
 29287 | Orc:2    | Bought 2 scrolls of amnesia for 120 gold pieces
 29287 | Orc:2    | Bought a phial of floods for 600 gold pieces
 29287 | Orc:2    | Bought a scroll of enchant armour for 112 gold pieces
 29287 | Orc:2    | Bought a scroll of fear for 60 gold pieces
 29365 | D:11     | Upgraded the game from 0.32-a0-791-gfc315c9 to
                  | 0.32-a0-799-g95e1662
 29391 | D:10     | Learned a level 5 spell: Borgnjor's Vile Clutch
 29527 | Snake:1  | Entered Level 1 of the Snake Pit
 29699 | Snake:1  | Reached skill level 1 in Necromancy
 29700 | Snake:1  | Killed from afar by a naga mage

Illustrated notes

Levels and vault maps discovered:
D:1:      minmay_arrival_loop, layout_basic
D:2:      layout_loops_corners, minmay_misc_feat_secret_circle
D:3:      layout_loops_corners, mainiacjoe_overflow_small_starburst,
          nicolae_elyvilon_temple_path,
          hellmonk_ecumenical_altar_pennies_from_heaven
D:4:      layout_basic, kennysheep_mini_moat, minmay_temple_entry_crystal_x
D:5:      minmay_chambers_of_threes, layout_basic,
          grunt_temple_overflow_order_and_chaos_1, mainiacjoe_overflow_chevrons,
          minmay_tree_intersection, minmay_fractal_squares_gapless_5
D:6:      lemuel_ratsnest, layout_basic, mainiacjoe_overflow_boulevard,
          pf_just_have_faith, mainiacjoe_overflow_concentric_impassable,
          eat_drink_and_be_merry_uskayaw, serial_corexii_hall,
          chequers_hall_statues_wall_a, chequers_hall_statues_y,
          kennysheep_generic_room_3
D:7:      layout_cave_pools, hellmonk_okawaru_the_only_friend_you_need,
          mainiacjoe_overflow_divided_tiny, kennysheep_opposing_triangles
D:8:      layout_gridville, corexii_leaking_fountain
D:9:      layout_basic, lair_entry_dummy, orc_0_dummy
D:10:     gammafunk_worm_tunnel, layout_long_grid, minmay_nine_imps
D:11:     layout_long_grid, uniq_psyche
D:12:     layout_irregular_city, gauntlet_entry_generic, uniq_erolcha
Temple:   jpeg_temple_island
Lair:1:   layout_gridlike, serial_bayou_shore_b, uniq_maggie
Lair:2:   layout_roguey, minmay_shoals_entry_hut, enter_volcano_3,
          infiniplex_staircase_pool, uniq_sonja
Lair:3:   layout_hall_layers, guppyfry_snake_entry_garden, dreamdust_wasp_nest,
          infiniplex_staircase_pool_2, grunt_megastairs_1, lemuel_fruit_tree,
          uniq_rupert
Lair:4:   layout_regular_city, minmay_slime_entry_jelly_boxes
Lair:5:   wormcave, layout_misc_corridors, guppyfry_lair_end_dragon, basic_altar
Snake:1:  cheibrodos_snake_ritualist_ritual, layout_misc_corridors,
          special_room, nicolae_snake_lava_pool, nicolae_integral_box,
          uniq_jorgrun
Orc:1:    layout_caves, nicolae_orc_lava_tube, nicolae_orc_stalacmites
Orc:2:    st_orc_open, layout_caves, serial_shops, shop, guppyfry_orc_lava_fort

Skill      XL: |  1  2  3  4  5  6  7  8  9 10 11 12 13 14 15 |
---------------+----------------------------------------------+-----
Conjurations   | 5 6 7 8 9 11 14 | 14.3
Alchemy        | 1 2 3 4 5 |  5.0
Throwing       | 1 2 |  2.4
Evocations     | 2 |  2.3
Ice Magic      | 2 7 11 | 11.6
Earth Magic    | 6 10 | 10.7
Spellcasting   | 12 18 22 | 22.7
Fire Magic     | 2 |  2.7
Fighting       | 3 |  3.7
Necromancy     | 1 |  1.2
Dodging        | |  2.4
Stealth        | |  2.4
Translocations | |  0.2

Action                     |  1- 3 |  4- 6 |  7- 9 | 10-12 | 13-15 || total
---------------------------+-------+-------+-------+-------+-------++-------
  Melee: Short sword       |       |     9 |    24 |    13 |    15 ||    61
  Throw: Dart              |       |     7 |    15 |    17 |     7 ||    46
   Cast: Magic Dart        |    36 |    41 |    74 |    63 |    68 ||   282
         Searing Ray       |    10 |    23 |    66 |    54 |     4 ||   157
         Fulminant Prism   |       |     9 |    33 |   100 |     4 ||   146
         Iskenderun's Myst |       |       |     8 |    40 |    39 ||    87
         Permafrost Erupti |       |       |       |    60 |   276 ||   336
         Summon Blazeheart |       |       |       |       |     4 ||     4
         Brom's Barrelling |       |       |       |       |     4 ||     4
 Invoke: Curse Item        |       |       |     1 |     2 |     4 ||     7
         Shatter the Chain |       |       |       |       |     2 ||     2
  Evoke: Wand              |       |       |     4 |     1 |     8 ||    13
         Phial of floods   |       |       |       |       |     1 ||     1
    Use: Scroll            |       |    10 |     4 |     1 |     7 ||    22
         Potion            |       |     2 |       |     2 |     7 ||    11
 Armour: Robe              |     5 |    12 |    56 |    60 |    67 ||   200
  Dodge: Dodged            |     2 |    17 |    58 |    85 |    31 ||   193
  Block: Other             |       |       |       |       |     8 ||     8

Table legend: (Time is in decaauts)
 A = Elapsed time spent in this place.
 B = Non-inter-level travel time spent in this place.
 C = Inter-level travel time spent in this place.
 D = Time resting spent in this place.
 E = Time spent auto-exploring this place.
 F = Levels seen in this place.
 G = Mean time per level.
                   A        B        C        D        E       F      G
               +--------+--------+--------+--------+--------+-----+--------+
         Total |  29758 |  27865 |   1893 |   3298 |  20905 |  22 | 1352.6 |
       Dungeon |  15942 |  15052 |    890 |   1146 |  11882 |  12 | 1328.5 |
        Temple |     61 |      2 |     59 |      0 |      0 |   1 |   61.0 |
          Lair |  10100 |   9525 |    575 |   1343 |   7077 |   5 | 2020.0 |
     Snake Pit |      7 |      7 |      0 |      0 |      0 |   1 |    7.0 |
  Orcish Mines |   3604 |   3235 |    369 |    778 |   1946 |   2 | 1802.0 |
      Gauntlet |     42 |     42 |      0 |     31 |      0 |   1 |   42.0 |
               +--------+--------+--------+--------+--------+-----+--------+

Top non-repeatable levels by time:
  Lair:5: 2494 daAuts
  Lair:4: 2325 daAuts
  Lair:2: 2199 daAuts
     D:6: 2067 daAuts
   Orc:2: 1832 daAuts
     D:9: 1779 daAuts
     D:5: 1777 daAuts
   Orc:1: 1771 daAuts
  Lair:3: 1769 daAuts
    D:11: 1518 daAuts
     D:3: 1423 daAuts
    D:10: 1349 daAuts
  Lair:1: 1312 daAuts
     D:2: 1253 daAuts
    D:12: 1118 daAuts
